TOP OF THE 1ST |
Erie Jaxx batting - Pitching for Minnesota Death Stars : RHP José Castro
|
Pitching: RHP José Castro
|
|
Batting: RHB Júlio Hernández
|
0-0: Ball 1-0: Called Strike 1-1: Called Strike 1-2: Ball 2-2: Strikes out looking
|
Batting: SHB José Durango
|
0-0: Called Strike 0-1: SINGLE (Groundball, 34D)
|
Batting: LHB Josh Pérez
|
0-0: Called Strike 0-1: Foul Ball, location: 2F 0-2: Strikes out swinging
|
Batting: SHB Michael Field
|
0-0: Called Strike 0-1: SINGLE (Groundball, 34) (infield hit) José Durango to second
|
Batting: LHB Jim Knight
|
0-0: Ground out U3 (Groundball, 34)
|
Top of the 1st over - 0 run(s), 2 hit(s), 0 error(s), 2 left on base; Erie 0 - Minnesota 0 |
BOTTOM OF THE 1ST |
Minnesota Death Stars batting - Pitching for Erie Jaxx : LHP Jason Dean
|
Pitching: LHP Jason Dean
|
|
Batting: LHB Júlio Córdova
|
0-0: Ball 1-0: Called Strike 1-1: Ball 2-1: Ball 3-1: SINGLE (Groundball, 34S) (infield hit)
|
Batting: RHB Mike Wagner
|
0-0: Ball 1-0: Ball Júlio Córdova steals 2nd base 2-0: Foul Ball, location: 2F 2-1: DOUBLE (Line Drive, 7LM) Júlio Córdova scores
|
Batting: RHB William Robinson
|
0-0: Called Strike 0-1: Foul Ball, location: 2F 0-2: Ball 1-2: Strikes out swinging
|
Batting: RHB Christian Moss
|
0-0: Ball 1-0: Called Strike 1-1: Swinging Strike 1-2: Foul Ball, location: 2F 1-2: Strikes out looking
|
Batting: RHB Raúl Flores
|
0-0: Ball 1-0: Foul Ball, location: 2F 1-1: Ball 2-1: Ball 3-1: Fly out, F7 (Line Drive, 7)
|
Bottom of the 1st over - 1 run(s), 2 hit(s), 0 error(s), 1 left on base; Erie 0 - Minnesota 1 |
TOP OF THE 2ND |
Erie Jaxx batting - Pitching for Minnesota Death Stars : RHP José Castro
|
Batting: RHB Andrés Silva
|
0-0: Ball 1-0: Swinging Strike 1-1: Called Strike 1-2: Ball 2-2: Strikes out swinging
|
Batting: RHB Ángel Serrano
|
0-0: Ball 1-0: Ground out 5-3 (Groundball, 56)
|
Batting: RHB Alfredo Ramírez
|
0-0: Ball 1-0: Called Strike 1-1: Ball 2-1: Ball 3-1: Foul Ball, location: 2F 3-2: Base on Balls
|
Batting: RHB Ed Keesee
|
0-0: Foul Ball, location: 2F 0-1: Foul Ball, location: 2F 0-2: SINGLE (Line Drive, 78M) Alfredo Ramírez to second
|
Batting: RHB Júlio Hernández
|
0-0: Ball 1-0: Called Strike 1-1: Ball 2-1: Foul Ball, location: 2F 2-2: DOUBLE (Line Drive, 7LD) Alfredo Ramírez scores Ed Keesee to third Runner from 3rd tries for Home, SAFE, no throw
|
Batting: SHB José Durango
|
0-0: Ball 1-0: Called Strike 1-1: Called Strike 1-2: Ground out 4-3 (Groundball, 4)
|
Top of the 2nd over - 2 run(s), 2 hit(s), 0 error(s), 1 left on base; Erie 2 - Minnesota 1 |
BOTTOM OF THE 2ND |
Minnesota Death Stars batting - Pitching for Erie Jaxx : LHP Jason Dean
|
Batting: RHB Kel Weeks
|
0-0: Ball 1-0: Swinging Strike 1-1: Ball 2-1: Foul Ball, location: 2F 2-2: Ball 3-2: Foul Ball, location: 2F 3-2: Fly out, F7 (Line Drive, 7)
|
Batting: LHB Shannon Hunter
|
0-0: Swinging Strike 0-1: Foul Ball, location: 2F 0-2: Hit by Pitch
|
Batting: RHB Sean King
|
0-0: Foul Ball, location: 2F 0-1: Swinging Strike 0-2: Hit by Pitch Shannon Hunter to second
|
Batting: RHB Octávio Ramos
|
0-0: Ball 1-0: Ball 2-0: Grounds into double play, 5-4-3 (Groundball, 56)
|
Bottom of the 2nd over - 0 run(s), 0 hit(s), 0 error(s), 1 left on base; Erie 2 - Minnesota 1 |
TOP OF THE 3RD |
Erie Jaxx batting - Pitching for Minnesota Death Stars : RHP José Castro
|
Batting: LHB Josh Pérez
|
0-0: Ball 1-0: Called Strike 1-1: Swinging Strike 1-2: Ball 2-2: Strikes out swinging
|
Batting: SHB Michael Field
|
0-0: Called Strike 0-1: Swinging Strike 0-2: Ball 1-2: Strikes out swinging
|
Batting: LHB Jim Knight
|
0-0: Called Strike 0-1: Foul Ball, location: 2F 0-2: Foul Ball, location: 2F 0-2: Fly out, F8 (Flyball, 78S)
|
Top of the 3rd over - 0 run(s), 0 hit(s), 0 error(s), 0 left on base; Erie 2 - Minnesota 1 |
BOTTOM OF THE 3RD |
Minnesota Death Stars batting - Pitching for Erie Jaxx : LHP Jason Dean
|
Batting: LHB Júlio Córdova
|
0-0: Ball 1-0: Foul Ball, location: 2F 1-1: Ball 2-1: Ball 3-1: Ground out U3 (Groundball, 34)
|
Batting: RHB Mike Wagner
|
0-0: Ball 1-0: Ball 2-0: Ball 3-0: Called Strike 3-1: Called Strike 3-2: Base on Balls
|
Batting: RHB William Robinson
|
0-0: Ball 1-0: Called Strike 1-1: Ball 2-1: Foul Ball, location: 2F 2-2: Grounds into double play, 6-4-3 (Groundball, 6)
|
Bottom of the 3rd over - 0 run(s), 0 hit(s), 0 error(s), 0 left on base; Erie 2 - Minnesota 1 |
TOP OF THE 4TH |
Erie Jaxx batting - Pitching for Minnesota Death Stars : RHP José Castro
|
Batting: RHB Andrés Silva
|
0-0: Swinging Strike 0-1: Foul Ball, location: 2F 0-2: Foul Ball, location: 2F 0-2: Strikes out looking
|
Batting: RHB Ángel Serrano
|
0-0: Called Strike 0-1: DOUBLE (Line Drive, 89M)
|
Batting: RHB Alfredo Ramírez
|
0-0: Ball 1-0: Foul Ball, location: 2F 1-1: SINGLE (Line Drive, 8RS) Ángel Serrano to third Runner from 3rd tries for Home, SAFE, throw made home Alfredo Ramírez to second
|
Batting: RHB Ed Keesee
|
0-0: Ball 1-0: Foul Ball, location: 2F 1-1: Foul Ball, location: 2F 1-2: Strikes out swinging
|
Batting: RHB Júlio Hernández
|
0-0: Foul Ball, location: 2F 0-1: Swinging Strike 0-2: Ball 1-2: Strikes out swinging
|
Top of the 4th over - 1 run(s), 2 hit(s), 0 error(s), 1 left on base; Erie 3 - Minnesota 1 |
BOTTOM OF THE 4TH |
Minnesota Death Stars batting - Pitching for Erie Jaxx : LHP Jason Dean
|
Batting: RHB Christian Moss
|
0-0: Called Strike 0-1: Fly out, F7 (Flyball, 7)
|
Batting: RHB Raúl Flores
|
0-0: Called Strike 0-1: Ground out 6-3 (Groundball, 6)
|
Batting: RHB Kel Weeks
|
0-0: Foul Ball, location: 2F 0-1: Fly out, F8 (Flyball, 8LS)
|
Bottom of the 4th over - 0 run(s), 0 hit(s), 0 error(s), 0 left on base; Erie 3 - Minnesota 1 |
TOP OF THE 5TH |
Erie Jaxx batting - Pitching for Minnesota Death Stars : RHP José Castro
|
Batting: SHB José Durango
|
0-0: Ball 1-0: Swinging Strike 1-1: Foul Ball, location: 2F 1-2: Strikes out swinging
|
Batting: LHB Josh Pérez
|
0-0: Foul Ball, location: 2F 0-1: Swinging Strike 0-2: Strikes out swinging
|
Batting: SHB Michael Field
|
0-0: Called Strike 0-1: DOUBLE (Flyball, 89D)
|
Batting: LHB Jim Knight
|
0-0: Ball 1-0: Ball 2-0: Called Strike 2-1: Foul Ball, location: 2F 2-2: Fly out, F9 (Flyball, 89S)
|
Top of the 5th over - 0 run(s), 1 hit(s), 0 error(s), 1 left on base; Erie 3 - Minnesota 1 |
BOTTOM OF THE 5TH |
Minnesota Death Stars batting - Pitching for Erie Jaxx : LHP Jason Dean
|
Batting: LHB Shannon Hunter
|
0-0: Called Strike 0-1: Foul Ball, location: 2F 0-2: Ball 1-2: Ball 2-2: Ball 3-2: Strikes out swinging
|
Batting: RHB Sean King
|
0-0: Called Strike 0-1: Called Strike 0-2: Ball 1-2: Foul Ball, location: 2F 1-2: Ground out U3 (Groundball, 34S)
|
Batting: RHB Octávio Ramos
|
0-0: Ball 1-0: DOUBLE (Line Drive, 9LS)
|
Batting: LHB Júlio Córdova
|
0-0: Called Strike 0-1: Called Strike 0-2: Ball 1-2: Strikes out swinging
|
Bottom of the 5th over - 0 run(s), 1 hit(s), 0 error(s), 1 left on base; Erie 3 - Minnesota 1 |
TOP OF THE 6TH |
Erie Jaxx batting - Pitching for Minnesota Death Stars : RHP José Castro
|
Batting: RHB Andrés Silva
|
0-0: SINGLE (Line Drive, 89S)
|
Batting: RHB Ángel Serrano
|
0-0: Called Strike 0-1: Ball 1-1: Ball 2-1: Foul Ball, location: 2F 2-2: Strikes out swinging
|
Pitching: RHP Jerry Catron
|
|
Batting: RHB Alfredo Ramírez
|
0-0: Called Strike 0-1: SINGLE (Line Drive, 6MD) Andrés Silva to second Runner from 2nd tries for 3rd, SAFE, throw made to third
|
Batting: RHB Ed Keesee
|
0-0: Ball 1-0: Ball 2-0: Called Strike 2-1: Called Strike 2-2: Ball 3-2: Foul Ball, location: 2F 3-2: Base on Balls Alfredo Ramírez to second
|
Batting: RHB Júlio Hernández
|
0-0: Ball 1-0: Ball 2-0: Foul Ball, location: 2F 2-1: Foul Ball, location: 2F 2-2: Strikes out swinging
|
Batting: SHB José Durango
|
0-0: Called Strike 0-1: Swinging Strike 0-2: Strikes out swinging
|
Top of the 6th over - 0 run(s), 2 hit(s), 0 error(s), 3 left on base; Erie 3 - Minnesota 1 |
BOTTOM OF THE 6TH |
Minnesota Death Stars batting - Pitching for Erie Jaxx : LHP Jason Dean
|
Batting: RHB Mike Wagner
|
0-0: Ball 1-0: Called Strike 1-1: Foul Ball, location: 2F 1-2: Foul Ball, location: 2F 1-2: Ball 2-2: Ball 3-2: SINGLE (Flyball, 9LS)
|
Pitching: RHP Mauro Vásquez
|
|
Batting: RHB William Robinson
|
0-0: Ball 1-0: Called Strike 1-1: Foul Ball, location: 2F 1-2: Ball 2-2: Ball 3-2: Base on Balls Mike Wagner to second
|
Batting: RHB Christian Moss
|
0-0: Ball 1-0: Ball 2-0: Ball 3-0: Base on Balls Mike Wagner to third William Robinson to second
|
Batting: RHB Raúl Flores
|
0-0: Called Strike 0-1: Swinging Strike 0-2: Fly out, F9 (Flyball, 9S)
|
Batting: RHB Kel Weeks
|
0-0: Foul Ball, location: 2F 0-1: Ball 1-1: Called Strike 1-2: Fly out, F7 (Line Drive, 7) Runner from 3rd tags up, SCORES, no throw
|
Batting: LHB Shannon Hunter
|
0-0: Ball 1-0: Ground out 3-1 (Groundball, 34)
|
Bottom of the 6th over - 1 run(s), 1 hit(s), 0 error(s), 2 left on base; Erie 3 - Minnesota 2 |
TOP OF THE 7TH |
Erie Jaxx batting - Pitching for Minnesota Death Stars : RHP Jerry Catron
|
Batting: LHB Josh Pérez
|
0-0: Fly out, F1 (Line Drive, 13)
|
Batting: SHB Michael Field
|
0-0: Called Strike 0-1: Ground out 4-3 (Groundball, 4)
|
Batting: LHB Jim Knight
|
0-0: Ball 1-0: Ball 2-0: Called Strike 2-1: Ground out 4-3 (Groundball, 4S)
|
Top of the 7th over - 0 run(s), 0 hit(s), 0 error(s), 0 left on base; Erie 3 - Minnesota 2 |
BOTTOM OF THE 7TH |
Minnesota Death Stars batting - Pitching for Erie Jaxx : RHP Mauro Vásquez
|
Batting: RHB Sean King
|
0-0: Ball 1-0: Ground out 6-3 (Groundball, 6)
|
Batting: RHB Octávio Ramos
|
0-0: Swinging Strike 0-1: Foul Ball, location: 2F 0-2: Foul Ball, location: 2F 0-2: Strikes out looking
|
Pitching: LHP Alfredo García
|
|
Batting: LHB Júlio Córdova
|
0-0: Called Strike 0-1: Foul Ball, location: 2F 0-2: Strikes out swinging
|
Bottom of the 7th over - 0 run(s), 0 hit(s), 0 error(s), 0 left on base; Erie 3 - Minnesota 2 |
TOP OF THE 8TH |
Erie Jaxx batting - Pitching for Minnesota Death Stars : RHP Jerry Catron
|
Batting: RHB Andrés Silva
|
0-0: Foul Ball, location: 2F 0-1: Swinging Strike 0-2: Ball 1-2: Ball 2-2: Foul Ball, location: 2F 2-2: Strikes out swinging
|
Batting: RHB Ángel Serrano
|
0-0: Swinging Strike 0-1: Ball 1-1: Ball 2-1: Ball 3-1: Base on Balls
|
Batting: RHB Alfredo Ramírez
|
0-0: Foul Ball, location: 2F 0-1: Foul Ball, location: 2F 0-2: Strikes out swinging
|
Batting: RHB Ed Keesee
|
0-0: Ball 1-0: Ball 2-0: Ball 3-0: Foul Ball, location: 2F 3-1: DOUBLE (Line Drive, 7LM) Ángel Serrano to third
|
Batting: RHB Júlio Hernández
|
0-0: Ball 1-0: Foul Ball, location: 2F 1-1: SINGLE (Groundball, 56D) Ángel Serrano scores Ed Keesee to third Runner from 3rd tries for Home, SAFE, no throw
|
Batting: SHB José Durango
|
0-0: Ball 1-0: Ball 2-0: Ball 3-0: Base on Balls Júlio Hernández to second
|
Pitching: RHP Tracy Key
|
|
Batting: LHB Josh Pérez
|
0-0: Swinging Strike 0-1: Ball 1-1: Ball 2-1: Ball 3-1: Swinging Strike 3-2: Foul Ball, location: 2F 3-2: Strikes out swinging
|
Top of the 8th over - 2 run(s), 2 hit(s), 0 error(s), 2 left on base; Erie 5 - Minnesota 2 |
BOTTOM OF THE 8TH |
Minnesota Death Stars batting - Pitching for Erie Jaxx : LHP Alfredo García
|
Pitching: RHP Carlos Olmedo
|
|
Batting: RHB Mike Wagner
|
0-0: Called Strike 0-1: Ball 1-1: Called Strike 1-2: Foul Ball, location: 2F 1-2: Ball 2-2: Fly out, F9 (Flyball, 9LS)
|
Batting: RHB William Robinson
|
0-0: Ball 1-0: Foul Ball, location: 2F 1-1: Ball 2-1: Ball 3-1: Swinging Strike 3-2: Foul Ball, location: 2F 3-2: Strikes out swinging
|
Batting: RHB Christian Moss
|
0-0: Reached on error, E5 (Groundball, 56)
|
Pitching: RHP Ernest Elliott
|
|
Batting: RHB Raúl Flores
|
0-0: Called Strike 0-1: Ball 1-1: Foul Ball, location: 2F 1-2: Ball 2-2: Strikes out swinging
|
Bottom of the 8th over - 0 run(s), 0 hit(s), 1 error(s), 1 left on base; Erie 5 - Minnesota 2 |
TOP OF THE 9TH |
Erie Jaxx batting - Pitching for Minnesota Death Stars : RHP Tracy Key
|
Batting: SHB Michael Field
|
0-0: Called Strike 0-1: Ball 1-1: Swinging Strike 1-2: Ball 2-2: Ball 3-2: Base on Balls
|
Batting: LHB Jim Knight
|
0-0: Ball 1-0: SINGLE (Line Drive, 89M) Michael Field to second
|
Batting: RHB Andrés Silva
|
0-0: Called Strike 0-1: Swinging Strike 0-2: Fly out, F8 (Flyball, 8RS)
|
Batting: RHB Ángel Serrano
|
0-0: Ball 1-0: Ball 2-0: Ball 3-0: Called Strike 3-1: Base on Balls Michael Field to third Jim Knight to second
|
Pinch Hitting: RHB William Wilson
|
0-0: Swinging Strike 0-1: Called Strike 0-2: Foul Ball, location: 2F 0-2: Strikes out swinging
|
Batting: RHB Ed Keesee
|
0-0: Called Strike 0-1: Ball 1-1: SINGLE (Line Drive, 7S) Michael Field scores Jim Knight to third Ángel Serrano to second Runner from 3rd tries for Home, throw and OUT!
|
Top of the 9th over - 1 run(s), 2 hit(s), 0 error(s), 2 left on base; Erie 6 - Minnesota 2 |
BOTTOM OF THE 9TH |
Minnesota Death Stars batting - Pitching for Erie Jaxx : RHP Ernest Elliott
|
Now at 2B: Kyle Robbins
|
|
Batting: RHB Kel Weeks
|
0-0: Called Strike 0-1: Ball 1-1: Swinging Strike 1-2: Ball 2-2: Ball 3-2: Base on Balls
|
Batting: LHB Shannon Hunter
|
0-0: SINGLE (Groundball, 34D) Kel Weeks to second Runner from 2nd tries for 3rd, SAFE, throw made to third
|
Pitching: LHP Rafael Romero
|
|
Batting: RHB Sean King
|
0-0: SINGLE (Groundball, 6S) (infield hit) Kel Weeks scores Shannon Hunter to second
|
Batting: RHB Octávio Ramos
|
0-0: Called Strike 0-1: Ball 1-1: Called Strike 1-2: Ball 2-2: Ball 3-2: Foul Ball, location: 2F 3-2: Foul Ball, location: 2F 3-2: Strikes out looking
|
Pinch Hitting: RHB Pat Bray
|
0-0: Ball 1-0: Ground out 6-3 (Groundball, 6S) Shannon Hunter to third Sean King to second
|
Batting: RHB Mike Wagner
|
0-0: Ball 1-0: SINGLE (Groundball, 56D) Shannon Hunter scores Sean King to third Runner from 3rd tries for Home, SAFE, no throw
|
Batting: RHB William Robinson
|
0-0: Ball 1-0: SINGLE (Groundball, 4MD) Mike Wagner to second
|
Batting: RHB Christian Moss
|
0-0: Ball 1-0: Foul Ball, location: 2F 1-1: Swinging Strike 1-2: Strikes out swinging
|
Bottom of the 9th over - 3 run(s), 4 hit(s), 0 error(s), 2 left on base; Erie 6 - Minnesota 5 |
|